 Dungeon Crawl Stone Soup version 0.30.1-9-gdf580d7c3d (webtiles) character file.

Game seed: 9191836879418023517

4470 Wiggles the Cleaver (level 10, -4/90 HPs)
             Began as a Minotaur Berserker on Oct 16, 2023.
             Was a High Priest of Trog.
             Slain by a hornet (12 damage)
             ... on level 8 of the Dungeon.
             The game lasted 00:12:44 (7909 turns).

Wiggles the Cleaver (Minotaur Berserker)            Turns: 7909, Time: 00:12:45

Health: -4/90      AC: 19    Str: 26    XL:     10   Next: 15%
Magic:  1/9        EV: 11    Int:  4    God:    Trog [*****.]
Gold:   509        SH:  0    Dex: 16    Spells: 9/9 levels left

rFire   . . .        q - +1 war axe
rCold   . . .        (no shield)
rNeg    . . .        v - +0 chain mail
rPois   .            (helmet restricted)
rElec   .            r - +0 cloak
rCorr   .            a - +3 Mad Mage's Maulers {Infuse+∞ VampMP -Cast}
SInv    .            t - +1 pair of boots
Will    .....        (no amulet)
Stlth   x              - +6 ring of dexterity
HPRegen 0.35/turn    (no ring)
MPRegen 0.11/turn

%: no spellcasting, infuse magic (1 MP)
@: on berserk cooldown, slowed, very slow
A: horns 2, retaliatory headbutt
a: Renounce Religion, Berserk, Trog's Hand, Brothers in Arms


You were on level 8 of the Dungeon.
You worshipped Trog.
Trog was extremely pleased with you.
You visited 1 branch of the dungeon, and saw 8 of its levels.

You collected 509 gold pieces.

Inventory:

Hand Weapons
 q - a +1 war axe (weapon)
Missiles
 u - a throwing net (quivered)
Armour
 a - the +3 Mad Mage's Maulers (worn) {Infuse+∞ VampMP -Cast}
   (You found it on level 5 of the Dungeon)

   Infuse+∞: It empowers its wearer's blows with all of their magic.
   VampMP:    Blows struck in melee replenish the wearer's magic.
   -Cast:     It prevents spellcasting.
 r - a +0 cloak (worn)
 t - a +1 pair of boots (worn)
 v - a +0 chain mail (worn)
Jewellery
 x - a +6 ring of dexterity (left hand)
Scrolls
 d - 6 scrolls of teleportation
 n - 2 scrolls of enchant weapon
Potions
 e - a potion of flight {unknown}
 g - 2 potions of magic
 h - a potion of attraction {unknown}
 i - 8 potions of curing
 l - a potion of invisibility {unknown}
 m - 4 potions of haste
 o - 2 potions of lignification
 p - 3 potions of cancellation
 s - 2 potions of might


   Skills:
 + Level 8.7 Fighting
 + Level 12.9 Axes
 + Level 8.8 Armour
 + Level 4.5 Dodging
 + Level 1.5 Stealth


You had 9 spell levels left.
You didn't know any spells.
Your spell library was empty.

Dungeon Overview and Level Annotations

Branches:
Dungeon (8/15)             Temple (0/1) D:5
   Lair: D:8-11

Altars:
Makhleb
Sif Muna


Innate Abilities, Weirdness & Mutations

You have a pair of horns on your head.
You reflexively headbutt those who attack you in melee.


Message History

You see here a +0 shortbow.
You feel a strong urge to attack something.
You feel sick. The gnoll bouda barely misses you.
The howler monkey hits you but does no damage.
You are no longer berserk.
You are exhausted.
You feel yourself slow down.
You feel sick.
You slash the howler monkey!
You kill the howler monkey!
Trog accepts your kill.
You barely miss the hornet.
You feel sick. The hornet closely misses you.
The hornet stings you but does no damage.
The gnoll bouda hits you but does no damage.
You feel sick.
You are no longer poisoned.
The hornet barely misses you.
The hornet stings you but does no damage.
The gnoll bouda hits you but does no damage.
You closely miss the gnoll bouda.
The gnoll bouda is heavily wounded.
You hit the hornet. The hornet barely misses you.
The gnoll bouda hits you with a +0 club.
* * * LOW HITPOINT WARNING * * *
The hornet barely misses you.
The gnoll bouda hits you but does no damage.
You hit the gnoll bouda.
The gnoll bouda is severely wounded.
You closely miss the hornet.
The hornet stings you but does no damage. x2
An orc warrior comes into view. It is wielding a +0 war axe.
The gnoll bouda closely misses you. You furiously retaliate!
You headbutt the gnoll bouda. You hit the gnoll bouda.
You headbutt the gnoll bouda.
You kill the gnoll bouda!
Trog accepts your kill.
You slash the hornet! The hornet barely misses you.
The orc warrior unwields a +0 war axe.
The orc warrior wields a +0 arbalest.
The orc warrior shoots a bolt.
The bolt closely misses you. The hornet stings you!
You die...

#..# ####
#..## ...#
#.... ...+
#...####...
#...#!...####
#...#......$#
#...#.<.$...#
#..@##†.....#
#.y))).).####
#.)†####.#
#...)# .#
#..........
#.....#...#
#....#...#.
#.o.#...#(y.
#....#...#.


You could see a hornet and an orc warrior.

Vanquished Creatures
  The ghost of fireball365 the Cleaver, a novice HOFi of Gozag (D:5)
  Joseph (D:7)
  A meliai (D:8)
  Grinder (D:6)
  Sigmund (D:6)
  A wyvern (D:7)
  A yak (D:8)
  Duvessa (D:6)
  A water moccasin (D:6)
  An orc warrior (D:8)
  An ice beast (D:7)
  A black bear (D:7)
  2 ogres
  2 centaurs (D:8)
  A phantom (D:6)
  3 kobold brigands
  A gnoll sergeant (D:7)
  4 scorpions
  2 bullfrogs
  A wight (D:8)
  Dowan (D:6)
  4 howler monkeys
  5 hounds
  3 jellies
  3 orc priests
  2 sleepcaps
  An iguana (D:4)
  2 gnoll boudas
  7 orc wizards
  24 gnolls
  7 adders
  A shadow imp (D:5)
  A white imp (D:4)
  3 ufetubi (D:5)
  2 worms (D:2)
  23 orcs
  9 endoplasms
  2 giant cockroaches
  10 goblins
  13 hobgoblins
  2 jackals (D:2)
  62 kobolds
  3 quokkas
  4 ball pythons
  6 bats
  3 frilled lizards
  3 rats
234 creatures vanquished.

Notes
Turn   | Place    | Note
-------+----------+-------------------------------------------
     0 | D:1      | Wiggles the Minotaur Berserker began the quest for the Orb.
     0 | D:1      | Reached XP level 1. HP: 19/19 MP: 0/0
   105 | D:1      | Reached skill level 4 in Axes
   105 | D:1      | Reached XP level 2. HP: 6/27 MP: 1/1
   505 | D:1      | Reached XP level 3. HP: 33/33 MP: 2/2
   965 | D:2      | Reached ** piety under Trog
  1575 | D:3      | Reached XP level 4. HP: 38/41 MP: 3/3
  1698 | D:3      | Reached skill level 5 in Axes
  1958 | D:3      | Noticed an ogre
  1965 | D:3      | Killed an ogre
  1966 | D:3      | Reached skill level 5 in Fighting
  1966 | D:3      | Reached XP level 5. HP: 25/48 MP: 4/4
  2231 | D:3      | Reached skill level 6 in Axes
  2231 | D:3      | Reached XP level 6. HP: 35/56 MP: 5/5
  2324 | D:3      | Reached *** piety under Trog
  2931 | D:4      | Reached **** piety under Trog
  3280 | D:4      | Reached skill level 7 in Axes
  3280 | D:4      | Reached XP level 7. HP: 63/63 MP: 6/6
  3359 | D:4      | Found a shimmering blue altar of Sif Muna.
  3360 | D:4      | Found a burning altar of Makhleb.
  3770 | D:5      | Entered Level 5 of the Dungeon
  3801 | D:5      | Found a staircase to the Ecumenical Temple.
  3823 | D:5      | Found the +3 Mad Mage's Maulers {Infuse+∞ VampMP -Cast}
  4083 | D:5      | Reached skill level 8 in Axes
  4083 | D:5      | Reached skill level 1 in Stealth
  4303 | D:5      | Reached ***** piety under Trog
  4370 | D:5      | Reached skill level 5 in Armour
  4379 | D:5      | Reached XP level 8. HP: 71/71 MP: 2/7
  4396 | D:5      | Reached skill level 9 in Axes
  4828 | D:5      | Found a large runed translucent door.
  4828 | D:5      | Found a large runed translucent door.
  4833 | D:5      | Noticed fireball365's ghost (novice HOFi)
  5110 | D:5      | Killed fireball365's ghost
  5111 | D:5      | Reached skill level 10 in Axes
  5402 | D:6      | Noticed Grinder
  5406 | D:6      | Killed Grinder
  5407 | D:6      | Reached XP level 9. HP: 79/79 MP: 1/8
  5703 | D:6      | Noticed Duvessa
  5703 | D:6      | Noticed Dowan
  5709 | D:6      | Killed Dowan
  5714 | D:6      | Killed Duvessa
  5715 | D:6      | Reached skill level 11 in Axes
  5797 | D:6      | Noticed Sigmund
  5805 | D:6      | Killed Sigmund
  6867 | D:7      | Reached skill level 12 in Axes
  7441 | D:7      | Noticed Joseph
  7471 | D:7      | Killed Joseph
  7868 | D:8      | Reached XP level 10. HP: 89/90 MP: 2/9
  7909 | D:8      | Slain by a hornet

Illustrated notes

Levels and vault maps discovered:
D:1:      minmay_arrival_wavy_path, layout_loops_ring
D:2:      layout_rooms
D:3:      minmay_goblin_kobold_castle, layout_loops_ring
D:4:      layout_cave_pools, gammafunk_temple_overflow_pools,
          hangedman_decor_peaks_small
D:5:      kennysheep_kobold_camp, layout_rooms, temple_doors_e,
          ebering_ghost_disaster_area, serial_corexii_hall,
          chequers_hall_statues_wall_a, chequers_hall_statues_y,
          minmay_chambers_of_fives
D:6:      layout_basic, uniq_sigmund, uniq_duvessa, uniq_grinder
D:7:      layout_loops_corners, uniq_joseph
D:8:      cheibrodos_fzero, layout_basic, gammafunk_temple_overflow_statue

Skill      XL: |  1  2  3  4  5  6  7  8  9 |
---------------+----------------------------+-----
Axes           | 4 5 6 7 8 10 12 | 12.9
Fighting       | 4 5 6 7 8 |  8.7
Armour         | 3 5 6 8 |  8.8
Dodging        | 3 4 |  4.5
Stealth        | 1 |  1.5

Action                     |  1- 3 |  4- 6 |  7- 9 | 10-12 || total
---------------------------+-------+-------+-------+-------++-------
  Melee: Hand axe          |    94 |       |       |       ||    94
         Headbutt          |    17 |    26 |    34 |     3 ||    80
         War axe           |     4 |   159 |   185 |    22 ||   370
         Punch             |       |     2 |     2 |       ||     4
 Invoke: Berserk           |     1 |     3 |     4 |     1 ||     9
    Use: Scroll            |       |       |    15 |       ||    15
         Potion            |       |       |       |     2 ||     2
   Stab: Sleeping          |     1 |       |       |       ||     1
 Armour: Animal skin       |     8 |       |       |       ||     8
         Leather armour    |     6 |     3 |       |       ||     9
         Scale mail        |       |    61 |     9 |       ||    70
         Chain mail        |       |       |   114 |    35 ||   149
  Dodge: Dodged            |    71 |   102 |    82 |    34 ||   289
